 Dungeon Crawl Stone Soup version 0.31.0-12-g77e489cdc1 (webtiles) character file.

Game seed: 5044149339091538266

181 BigDaddyOpFi the Chopper (level 5, -4/48 HPs)
             Began as a Hill Orc Monk on Feb 23, 2024.
             Blown up by Ijyb (17 damage)
             ... with a mindburst bolt
             ... on level 3 of the Dungeon.
             The game lasted 00:02:17 (2716 turns).

BigDaddyOpFi the Chopper (Hill Orc Monk)            Turns: 2716, Time: 00:02:17

Health: -4/48      AC:  4    Str: 16    XL:     5   Next: 61%
Magic:  5/5        EV: 13    Int: 10    God:
Gold:   141        SH:  0    Dex: 19    Spells: 4/4 levels left

rFire   . . .        a - +0 hand axe
rCold   . . .        d - orb {light}
rNeg    + . .        b - +0 robe
rPois   .            i - +1 hat
rElec   .            (no cloak)
rCorr   .            f - +0 pair of gloves
SInv    .            (no boots)
Will    .....        (no amulet)
Stlth   +            h - +6 ring of dexterity
HPRegen 0.28/turn    n - ring of positive energy
MPRegen 0.09/turn

%: no passive effects
@: on berserk cooldown, glowing
A: no striking features
a: no special abilities


You were on level 3 of the Dungeon.
You visited 1 branch of the dungeon, and saw 3 of its levels.

You collected 141 gold pieces.

Inventory:

Hand Weapons
 a - a +0 hand axe (weapon)
Armour
 b - a +0 robe (worn)
 d - an orb of light (worn)
 f - a +0 pair of gloves (worn)
 i - a +1 hat (worn)
Jewellery
 h - a +6 ring of dexterity (left hand)
 n - a ring of positive energy (right hand)
Scrolls
 k - a scroll of fog
 o - 3 scrolls of identify {unknown}
 p - a scroll of teleportation {unknown}
Potions
 e - a potion of curing
 g - a potion of resistance
 m - 2 potions of mutation {unknown}


   Skills:
 + Level 5.2 Fighting
 + Level 5.6 Axes
 + Level 3.4 Dodging


You had 4 spell levels left.
You didn't know any spells.
Your spell library contained the following spells:

 Spells                   Type           Power      Damage    Failure   Level
 Dazzling Flash           Conj/Hex       0%         N/A       75%         3
 Volatile Blastmotes      Fire/Tloc      0%         2d10      75%         3
 Starburst                Conj/Fire      0%         6d3       100%        6
 Maxwell's Capacitive Co  Air            0%         ∞         100%        8


Dungeon Overview and Level Annotations

Branches:
Dungeon (3/15)

Altars:

Shops:
D:2 =   D:3 :

Annotations:
D:3 1 transporter, Ijyb


Message History

It was a potion of lignification.
You turn into a tree.
Your +1 hat melds into your body.
Your +0 pair of gloves melds into your body.
Your +0 robe melds into your body.
Your roots penetrate the ground.
Ijyb hits you but does no damage. x2
Okay, then.
You hit Ijyb but do no damage.
Ijyb is heavily wounded.
Ijyb hits you but does no damage.
You hit Ijyb but do no damage.
Ijyb is heavily wounded.
Ijyb zaps a wand.
You barely resist. Ijyb hits you but does no damage.
You barely miss Ijyb.
Ijyb is heavily wounded.
Ijyb zaps a wand.
Your mind is blasted!
You hit Ijyb but do no damage.
Ijyb is heavily wounded.
Ijyb hits you but does no damage. Ijyb hits you with a +0 dagger.
You hit Ijyb but do no damage.
Ijyb is heavily wounded.
Ijyb hits you but does no damage.
You hit Ijyb.
Ijyb is heavily wounded.
Ijyb zaps a wand.
Your mind is blasted!
* * * LOW HITPOINT WARNING * * *
Ijyb hits you but does no damage.
Unknown command.
You barely miss Ijyb.
Ijyb is heavily wounded.
Ijyb hits you but does no damage.
It was a potion of cancellation.
Your magical effects are unravelling.
You feel magically purged.
You feel less wooden.
Your +1 hat unmelds from your body.
Your +0 pair of gloves unmelds from your body.
Your +0 robe unmelds from your body.
You feel yourself speed up.
Your resistance to elements expires.
Ijyb zaps a wand.
Your mind is blasted!
You die...

.##........#.#..##
.##.#.....###....#
# #.###....#.#.#.#
##.# #
##.......#)# ...
..#######>##.##.#
##. #)).....#
#.......#
#)##<#.## #@# .# #
#g# #


#gg .og. .#... .. .... ## #..## ... You could see Ijyb, an orc, a hobgoblin and
2 goblins.

Vanquished Creatures
  Natasha (thrice) (D:2)
  Robin (D:3)
  5 adders
  5 endoplasms
  2 giant cockroaches (D:1)
  8 goblins
  6 hobgoblins
  4 kobolds
  2 quokkas (D:1)
  5 ball pythons
  5 bats
  4 frilled lizards
  3 rats
53 creatures vanquished.

Notes
Turn   | Place    | Note
-------+----------+-------------------------------------------
     0 | D:1      | BigDaddyOpFi the Hill Orc Monk began the quest for the Orb.
     0 | D:1      | Reached XP level 1. HP: 19/19 MP: 1/1
   162 | D:1      | Reached XP level 2. HP: 27/27 MP: 2/2
   241 | D:1      | Found a faded altar of an unknown god.
   827 | D:1      | Reached XP level 3. HP: 33/33 MP: 3/3
  1553 | D:2      | Noticed Natasha
  1563 | D:2      | Killed Natasha
  1564 | D:2      | Reached skill level 5 in Axes
  1564 | D:2      | Reached XP level 4. HP: 25/41 MP: 4/4
  1685 | D:2      | Noticed Natasha
  1698 | D:2      | Killed Natasha
  1840 | D:2      | Found Geynkodus's Jewellery Shoppe.
  1946 | D:2      | Reached XP level 5. HP: 47/47 MP: 5/5
  2210 | D:2      | Noticed Natasha
  2222 | D:2      | Killed Natasha
  2223 | D:2      | Reached skill level 5 in Fighting
  2572 | D:3      | Found a transporter.
  2577 | D:3      | Found Fapotohoth's Book Emporium.
  2685 | D:3      | Noticed Robin
  2693 | D:3      | Killed Robin
  2694 | D:3      | Noticed Ijyb
  2716 | D:3      | Blown up by Ijyb

Illustrated notes

Levels and vault maps discovered:
D:1:      dpeg_arrival_prison, layout_basic, shapermc_ecumenical_altar_petra,
          minmay_misc_feat_alley
D:2:      minmay_door_path, layout_basic, serial_shops, nicolae_square_shop,
          minmay_statues_item, chequers_big_river, minmay_pentomino_u4,
          uniq_natasha
D:3:      layout_loops_cross, serial_shops, nicolae_shop_statue_plus,
          nicolae_shop_drivethru, shop, shop, shop, minmay_rat_hole, uniq_ijyb,
          uniq_robin, uniq_jessica

Skill      XL: |  1  2  3  4  5 |
---------------+----------------+-----
Fighting       | 4 5 |  5.2
Axes           | 5 |  5.6
Dodging        | 3 |  3.4

Action                     |  1- 3 |  4- 6 || total
---------------------------+-------+-------++-------
  Melee: Hand axe          |   103 |    77 ||   180
    Use: Scroll            |     1 |       ||     1
         Potion            |     1 |     5 ||     6
 Armour: Robe              |    66 |    45 ||   111
         Skin              |       |     9 ||     9
  Dodge: Dodged            |    74 |    45 ||   119
